 Dungeon Crawl Stone Soup version 0.30-a0-782-ge64f9170bb (webtiles) character file.

Game seed: 1114790369966177579

4458 theswoord the Cleaver (level 10, -2/71 HPs)
             Began as a Demonspawn Cinder Acolyte on Mar 16, 2023.
             Was a Believer of Ignis.
             Shot with an arrow by a centaur (6 damage)
             ... on level 7 of the Dungeon.
             The game lasted 00:12:34 (7443 turns).

theswoord the Cleaver (Demonspawn Cinder Acolyte)   Turns: 7443, Time: 00:12:35

Health: -2/71      AC: 23    Str: 19    XL:     10   Next: 15%
Magic:  0/11       EV:  7    Int: 15    God:    Ignis [**....]
Gold:   331        SH:  5    Dex:  9    Spells: 11/11 levels left

rFire   + . .      SeeInvis .    e - +1 hand axe (protect)
rCold   . . .      Faith    .    (no shield)
rNeg    . . .      Spirit   +    g - +1 chain mail
rPois   .          Reflect  +    c - +0 helmet
rElec   .          Harm     .    r - +2 cloak
rCorr   .          Rampage  .    (no gloves)
Will    .....                    (no boots) Stlth
                                 p - amulet of reflection
HPRegen 0.31/turn                (no ring)
MPRegen 0.24/turn                (no ring)

@: under a protective aura
A: molten scales 2, demonic guardian 2, magic shield, magic regeneration
a: Renounce Religion, Fiery Armour, Foxfire Swarm


You were on level 7 of the Dungeon.
You worshipped Ignis.
Ignis was pleased with you.
You visited 1 branch of the dungeon, and saw 7 of its levels.
You visited the Abyss 1 time.

You collected 331 gold pieces.

Inventory:

Hand Weapons
 a - a -1 hand axe of flaming
 e - a +1 hand axe of protection (weapon)
Armour
 b - a +0 robe
 c - a +0 helmet (worn)
 g - a +1 chain mail (worn)
 r - a +2 cloak (worn)
Jewellery
 m - a ring of wizardry
 p - an amulet of reflection (around neck)
Wands
 h - a wand of quicksilver (8)
 j - a wand of digging (6)
 n - a wand of mindburst (20)
Scrolls
 d - 3 scrolls of amnesia
 o - a scroll of fog
 v - a scroll of enchant weapon
 x - a scroll of enchant armour
Potions
 f - a potion of flight
 k - 3 potions of lignification
 l - a potion of mutation
 u - 2 potions of cancellation
 w - a potion of haste
 z - a potion of degeneration
 A - a potion of might {unknown}


   Skills:
 + Level 3.7 Fighting
 + Level 13.4 Axes
 + Level 1.8 Armour
 - Level 1.0 Spellcasting
 - Level 2.6 Fire Magic


You had 11 spell levels left.
You didn't know any spells.
Your spell library contained the following spells:

 Spells                   Type           Power      Damage    Failure   Level
 Scorch                   Fire           16%        2d6       83%         2


Dungeon Overview and Level Annotations

Branches:
Dungeon (7/15)             Temple (0/1) D:6

Altars:
Qazlal

Shops:
D:4 [   D:6 (


Innate Abilities, Weirdness & Mutations

You are mostly covered in molten scales. (AC +3)
A demonic guardian rushes to your aid.
When hurt, damage is shared between your health and your magic reserves.
You regenerate magic rapidly.


Message History

The purple ugly thing is poisoned.
Your orange demon poisons the purple ugly thing!
You barely miss the purple ugly thing.
Your attacks no longer feel as feeble.
The purple ugly thing barely misses you.
The centaur hits you from afar with a +2 heavy spear.
Your orange demon stings the purple ugly thing from afar!
The purple ugly thing looks as sick as possible!
Your orange demon poisons the purple ugly thing!
You hit the purple ugly thing.
A cyclops comes into view.
The purple ugly thing pecks you but does no damage.
You hit the purple ugly thing. The centaur barely misses you.
Your orange demon closely misses the purple ugly thing.
You completely miss the purple ugly thing.
The purple ugly thing barely misses you.
The cyclops throws a large rock.
The large rock hits you!!
* * * LOW HITPOINT WARNING * * *
The centaur barely misses you.
Your orange demon stings the purple ugly thing from afar!
You hit the purple ugly thing.
You block the purple ugly thing's attack.
You slash the purple ugly thing!
The centaur hits you but does no damage.
Your orange demon stings the purple ugly thing from afar!
The purple ugly thing dies!
The centaur unwields a +2 heavy spear.
The centaur wields a +0 shortbow.
The centaur shoots an arrow.
The arrow hits you.
* * * LOW HITPOINT WARNING * * *
Your orange demon barely misses the centaur.
The centaur shoots an arrow.
The arrow hits you!
* * * LOW HITPOINT WARNING * * *
The cyclops throws a large rock.
The large rock hits you!!
* * * LOW HITPOINT WARNING * * *
Your orange demon barely misses the centaur.
Okay, then.
As you read the scroll of fog, it crumbles to dust.
The scroll dissolves into smoke.
The centaur shoots an arrow.
The arrow hits you!
You die...

#####################
.......##...........# ###########
........#...........# #......##..
...............§§§..# #......##..
##.............§@§..# #..........
###'#.........§§§..# #....÷.....
#.#........§.4...###..........
#.###.........c†[.............
#.###...######........:...##..
####>.............[..............
..##......................#.....#
####################C###..#..#...
♣ ###... ♣♣.♣♣#..#......


You could see a cyclops, a centaur (ally target) and a friendly orange demon
(summoned).

Vanquished Creatures
  A wizard (D:7)
  Grinder (D:6)
  A steam dragon (D:7)
  A vampire mosquito (D:7)
  2 black bears
  An ice beast (D:5)
  4 sky beasts
  3 phantoms
  2 necrophages
  3 bullfrogs (D:7)
  4 wights
  A howler monkey (D:6)
  11 hounds
  A gnoll bouda (D:7)
  3 orc priests (D:5)
  2 jellies
  Jessica (D:2)
  3 iguanas
  4 orc wizards
  Ijyb (D:4)
  Robin (D:2)
  4 gnolls (D:7)
  7 adders
  A shadow imp (D:7)
  A white imp (D:5)
  An ufetubus (D:7)
  2 worms (D:3)
  2 dart slugs (D:1)
  21 orcs
  6 bats
  7 endoplasms
  3 giant cockroaches
  16 goblins
  11 hobgoblins
  10 jackals
  8 kobolds
  3 quokkas
  4 ball pythons
  2 frilled lizards
  3 rats
163 creatures vanquished.

Vanquished Creatures (collateral kills)
  An ugly thing (D:7)
  A gargoyle (D:7)
  A kobold demonologist (D:7)
  Blork the orc (D:4)
  A scorpion (D:6)
  3 orc priests
  A gnoll bouda (D:7)
  2 orc wizards
  2 shadow imps
  An ufetubus (D:7)
  A worm (D:2)
  2 orcs (D:6)
  A ball python (D:2)
  2 goblins
  2 hobgoblins (D:2)
  A quokka (D:3)
23 creatures vanquished.

Vanquished Creatures (others)
  An orc wizard (D:7)
  53 foxfires
  18 plants
72 creatures vanquished.

Grand Total: 258 creatures vanquished

Notes
Turn   | Place    | Note
-------+----------+-------------------------------------------
     0 | D:1      | theswoord the Demonspawn Cinder Acolyte began the quest for
                  | the Orb.
     0 | D:1      | Reached XP level 1. HP: 18/18 MP: 2/2
   124 | D:1      | Reached skill level 3 in Axes
   208 | D:1      | Gained mutation: You regenerate magic rapidly. [demonic
                  | ancestry]
   208 | D:1      | Reached XP level 2. HP: 21/24 MP: 3/3
   583 | D:1      | Gained mutation: A weak demonic guardian rushes to your
                  | aid. [demonic ancestry]
   583 | D:1      | Reached XP level 3. HP: 23/29 MP: 4/4
  1181 | D:2      | Reached skill level 4 in Axes
  1294 | D:2      | Noticed Jessica
  1303 | D:2      | Killed Jessica
  1304 | D:2      | Gained mutation: A demonic guardian rushes to your aid.
                  | [demonic ancestry]
  1304 | D:2      | Reached XP level 4. HP: 22/35 MP: 5/5
  1503 | D:2      | Noticed Robin
  1814 | D:2      | Killed Robin
  1839 | D:2      | Reached skill level 5 in Axes
  2353 | D:3      | Reached XP level 5. HP: 41/41 MP: 6/6
  3132 | D:4      | Noticed Blork the orc
  3132 | D:4      | Found Cialurot's Armour Shop.
  3208 | D:4      | Killed Blork the orc
  3209 | D:4      | Reached skill level 6 in Axes
  3388 | D:4      | Noticed Ijyb
  3408 | D:4      | Killed Ijyb
  3409 | D:4      | Gained mutation: You are partially covered in molten
                  | scales. (AC +2) [demonic ancestry]
  3409 | D:4      | Reached XP level 6. HP: 47/47 MP: 7/7
  3992 | D:5      | Entered Level 5 of the Dungeon
  4073 | D:5      | Reached skill level 7 in Axes
  4227 | D:5      | Reached XP level 7. HP: 52/52 MP: 8/8
  4386 | D:5      | Reached skill level 8 in Axes
  4924 | D:5      | Reached skill level 9 in Axes
  4924 | D:5      | Reached XP level 8. HP: 54/58 MP: 9/9
  5308 | D:6      | Noticed Grinder
  5319 | D:6      | Killed Grinder
  5320 | D:6      | Reached skill level 10 in Axes
  5564 | D:6      | Found Domulo's Antique Weapon Shop.
  5566 | D:6      | Found a staircase to the Ecumenical Temple.
  5728 | D:6      | Found a stormy altar of Qazlal.
  5796 | D:6      | Reached skill level 11 in Axes
  5809 | D:6      | Gained mutation: You are mostly covered in molten scales.
                  | (AC +3) [demonic ancestry]
  5809 | D:6      | Reached XP level 9. HP: 27/60 MP: 10/10
  6459 | D:7      | Noticed a wizard
  6461 | D:7      | Noticed a gargoyle
  6472 | Abyss:2  | Cast into level 2 of the Abyss (a wizard)
  6493 | D:7      | Escaped the Abyss
  6503 | D:7      | Killed a wizard
  6504 | D:7      | Reached skill level 12 in Axes
  6510 | D:7      | Killed a gargoyle
  6907 | D:7      | Noticed a kobold demonologist
  6918 | D:7      | Killed a kobold demonologist
  6919 | D:7      | Reached skill level 13 in Axes
  6933 | D:7      | Noticed a purple ugly thing
  7269 | D:7      | Gained mutation: When hurt, damage is shared between your
                  | health and your magic reserves. [demonic ancestry]
  7269 | D:7      | Reached XP level 10. HP: 58/70 MP: 11/11
  7426 | D:7      | Reached skill level 1 in Armour
  7436 | D:7      | Noticed a cyclops
  7440 | D:7      | Killed a purple ugly thing
  7443 | D:7      | Shot with an arrow by a centaur

Skill      XL: |  1  2  3  4  5  6  7  8  9 10 |
---------------+-------------------------------+-----
Axes           | 3 4 5 6 7 9 11 13 | 13.4
Armour         | 1 |  1.8
Fighting       | |  3.7
Spellcasting   | |  1.0
Fire Magic     | |  2.6

Action                     |  1- 3 |  4- 6 |  7- 9 | 10-12 || total
---------------------------+-------+-------+-------+-------++-------
  Melee: Hand axe          |   135 |   276 |   496 |    20 ||   927
         Punch             |       |       |     9 |       ||     9
 Invoke: Foxfire Swarm     |       |     2 |     3 |     1 ||     6
         Rising Flame      |       |     1 |       |       ||     1
    Use: Scroll            |     3 |     8 |     7 |     1 ||    19
         Potion            |       |     1 |     6 |       ||     7
   Stab: Sleeping          |       |     1 |       |       ||     1
         Distracted        |       |       |     1 |       ||     1
 Armour: Robe              |    33 |    24 |       |       ||    57
         Chain mail        |       |   110 |   324 |    17 ||   451
  Dodge: Dodged            |    85 |   123 |   102 |    16 ||   326
  Block: Other             |       |     4 |    79 |    13 ||    96

Levels and vault maps discovered:
D:1:      minmay_arrival_open_corners, layout_basic, serial_bayou_lake_a
D:2:      layout_basic, uniq_jessica, uniq_robin
D:3:      layout_basic, kennysheep_generic_room_5
D:4:      nicolae_cairo_tiling, layout_rooms, serial_shops, shop,
          minmay_liquid_box, hangedman_abyss_or_decor_passed, uniq_ijyb,
          uniq_blork_the_orc
D:5:      layout_basic, serial_rivers, chequers_serial_rivers_small_a,
          chequers_serial_rivers_large_a, chequers_serial_rivers_marsh,
          chequers_serial_rivers_small_a
D:6:      layout_gridville, nicolae_qazlal_scattered_showers,
          minmay_temple_entry_proselytizer, serial_shops, shop_statue,
          grunt_ministairs_15, uniq_grinder
D:7:      nzn_winding_woodlands_large [nzn_winding_woodlands_5x5_open_star,
          nzn_winding_woodlands_5x15_eye, nzn_winding_woodlands_5x5_default,
          nzn_winding_woodlands_center_garden,
          nzn_winding_woodlands_15x15_thick_spiral,
          nzn_winding_woodlands_center_diamonds,
          nzn_winding_woodlands_5x5_closed_star,
          nzn_winding_woodlands_5x15_lazy_stream,
          nzn_winding_woodlands_5x5_cross], layout_basic, grunt_ministairs_12
